 Dungeon Crawl Stone Soup version 0.22.0-27-ga576289 (webtiles) character file.

3280 Monsterracer the Arsonist (level 10, -2/69 HPs)
             Began as a Vine Stalker Fire Elementalist on Aug 23, 2018.
             Was a Follower of Vehumet.
             Slain by a hornet (5 damage)
             ... on level 8 of the Dungeon.
             The game lasted 00:17:02 (7989 turns).

Monsterracer the Arsonist (VSFE)                    Turns: 7989, Time: 00:17:03

Health: -2/69      AC: 25    Str: 11    XL:     10   Next: 0%
Magic:  0/20       EV:  2    Int: 18    God:    Vehumet [*.....]
Gold:   331        SH:  0    Dex: 15    Spells: 8/21 levels left

rFire    . . .     SeeInvis .   a - +5 trident (curse)
rCold    . . .     Gourm    .   (no shield)
rNeg     + + +     Faith    .   (armour currently unavailable)
rPois    +         Spirit   +   (helmet currently unavailable)
rElec    .         Reflect  .   (cloak currently unavailable)
rCorr    .         Harm     .   (gloves currently unavailable)
MR       ++...     NoTele   +   (boots currently unavailable)
Stlth    ++........             k - amulet of magic regeneration
HPRegen  0.61/turn              C - ring of flight
MPRegen  0.42/turn              B - ring of protection from magic {!d}

@: tree-form, slowed, very slow
A: regeneration 1, magic shield, no potion heal 3, rot immunity
a: Renounce Religion


You were on level 8 of the Dungeon.
You worshipped Vehumet.
Vehumet was aware of your devotion.
You were not hungry.
You were a tree.
You visited 2 branches of the dungeon, and saw 9 of its levels.

You collected 331 gold pieces.

Inventory:

Hand Weapons
 a - a cursed +5 trident (weapon)
Armour
 m - a +1 pair of gloves (melded)
 o - a +1 cloak (melded)
 q - a +2 helmet (melded)
 s - a +1 robe of magic resistance (melded)
 u - a +0 ring mail of cold resistance
Jewellery
 k - an amulet of magic regeneration (around neck)
 B - a ring of protection from magic (right branch) {!d}
 C - a ring of flight (left branch)
Wands
 b - a wand of flame (33)
 y - a wand of iceblast (10)
Scrolls
 e - 5 scrolls of teleportation {!r}
 h - 5 scrolls of remove curse
 j - a scroll of blinking
 l - a scroll of immolation {!r}
 p - a scroll of identify
 z - a scroll of amnesia
Potions
 d - a potion of agility {unknown}
 f - a potion of ambrosia {unknown}
 g - a potion of lignification
 i - 3 potions of flight
 n - a potion of haste
 r - 5 potions of curing
 t - a potion of cancellation {unknown}
 v - a potion of invisibility {unknown}
 w - 3 potions of might
 x - 3 potions of mutation {!q}
 A - 2 potions of brilliance
Comestibles
 c - 13 rations


   Skills:
 + Level 2.0 Fighting
 - Level 1.5 Dodging
 - Level 2.4 Stealth
 + Level 6.4 Spellcasting
 * Level 8.6 Conjurations
 * Level 9.1 Fire Magic


You had 8 spell levels left.
You knew the following spells:

 Your Spells              Type           Power        Failure   Level  Hunger
a - Flame Tongue          Conj/Fire      #####        1%          1    None
b - Conjure Flame         Conj/Fire      #####...     1%          3    ##.....
c - Sticky Flame          Conj/Fire      #####...     3%          4    ####...
d - Fireball              Conj/Fire      #####.....   9%          5    #####..

Your spell library contained the following spells:

 Spells                   Type           Power        Failure   Level  Hunger
 Sandblast                Erth           #.....       12%         1    None
 Throw Flame              Conj/Fire      #####.       1%          2    None
 Inner Flame              Hex/Fire       ###.....     5%          3    ##.....


Dungeon Overview and Level Annotations

Branches:
Dungeon (8/15)             Temple (1/1) D:6
   Lair: D:8-11

Altars:
Ashenzari
Cheibriados
Dithmenos
Elyvilon
Fedhas
Gozag
Hepliaklqana
Kikubaaqudgha
Makhleb
Nemelex Xobeh
Okawaru
Qazlal
Ru
Sif Muna
Trog
Uskayaw
Vehumet
Wu Jian
Xom
Yredelemnul
Zin
The Shining One

Annotations:
D:8 3 runed doors, DrakeDragon's ghost, novice HaAE


Innate Abilities, Weirdness & Mutations

((You have razor-sharp teeth.))
Your natural rate of healing is unusually fast.
When hurt, damage is shared between your health and your magic reserves.
((Your bite disrupts and absorbs the magic of your enemies.))
Potions cannot restore your health.
You are immune to rotting.


Message History

The hornet is too close now for your liking.
Casting: Conjure Flame (safe; 1% risk of failure)
Confirm with . or Enter, or press ? or * to list all spells.
Aiming: Flame Tongue (safe; 1% risk of failure)
Press: ? - help, Shift-Dir - straight line, f - hornet
Aim: a hornet The flame tongue hits the hornet.
The hornet is lightly wounded.
You now have 18/19 mp.
Casting: Flame Tongue (safe; 1% risk of failure)
Confirm with . or Enter, or press ? or * to list all spells.
Aiming: Flame Tongue (safe; 1% risk of failure)
Press: ? - help, Shift-Dir - straight line, f/p - hornet
Aim: a hornet (lightly wounded)
The flame tongue hits the hornet.
The hornet appears unharmed.
The hornet is lightly wounded.
The soldier ant twitches its antennae in your direction.
A soldier ant comes into view.
You now have 17/19 mp.
Casting: Flame Tongue (safe; 1% risk of failure)
Confirm with . or Enter, or press ? or * to list all spells.
Aiming: Flame Tongue (safe; 1% risk of failure)
Press: ? - help, Shift-Dir - straight line, f - hornet
Aim: a hornet (hasn't noticed you)
The flame tongue hits the hornet.
The hornet is lightly wounded.
Casting: Flame Tongue (safe; 1% risk of failure)
Confirm with . or Enter, or press ? or * to list all spells.
Aiming: Flame Tongue (safe; 1% risk of failure)
Press: ? - help, Shift-Dir - straight line, f/p - hornet
Aim: a hornet (lightly wounded)
The flame tongue hits the hornet.
The hornet appears unharmed.
The hornet is lightly wounded.
The hornet is engulfed in blazing flames.
The hornet misses you.
You now have 16/19 mp.
You miss the hornet.
The hornet is heavily wounded.
The hornet is engulfed in blazing flames.
The hornet closely misses you.
The hornet is engulfed in blazing flames.
The hornet stings you!
You feel yourself slow down.
You take 10 damage, and have 32/42 hp.
MASSIVE DAMAGE!!
You now have 14/19 mp.
Unknown command.
Casting: Flame Tongue (safe; 1% risk of failure)
Confirm with . or Enter, or press ? or * to list all spells.
Aiming: Sticky Flame (safe; 3% risk of failure)
Press: ? - help, Shift-Dir - straight line, f/p - hornet
Aim: a hornet (almost dead)
The sticky flame hits the hornet.
You kill the hornet!
Vehumet accepts your kill.
Your Fighting skill increases to level 2!
You have reached level 10!
You feel yourself speed up. The hornet stings you.
You feel yourself slow down.
You take 1 damage, and have 31/46 hp.
You now have 9/20 mp.
Unknown command.
Casting: Sticky Flame (safe; 3% risk of failure)
Confirm with . or Enter, or press ? or * to list all spells.
Aiming: Sticky Flame (safe; 3% risk of failure)
Press: ? - help, Shift-Dir - straight line, f - hornet
Aim: a hornet (lightly wounded)
The sticky flame hits the hornet.
The hornet appears unharmed.
The hornet is lightly wounded.
The hornet is covered in liquid flames!
The hornet burns! x2
The hornet stings you but does no damage.
The hornet closely misses you.
You now have 6/20 mp.
You feel yourself speed up.
The hornet burns!
The hornet stings you!
* * * LOW HITPOINT WARNING * * *
You feel yourself slow down. The hornet closely misses you.
You take 13 damage, and have 19/46 hp.
MASSIVE DAMAGE!!
You now have 4/20 mp.
Casting: Sticky Flame (safe; 3% risk of failure)
Confirm with . or Enter, or press ? or * to list all spells.
Aiming: Sticky Flame (safe; 3% risk of failure)
Press: ? - help, Shift-Dir - straight line, f/p - hornet
Aim: a hornet (heavily wounded, covered in liquid flames)
The sticky flame hits the hornet.
The hornet is severely wounded.
The hornet is covered in liquid flames!
The hornet burns! x2
The hornet barely misses you. The hornet stings you!
* * * LOW HITPOINT WARNING * * *
You feel as though you will be slow longer.
You take 13 damage, and have 6/46 hp.
MASSIVE DAMAGE!!
You now have 0/20 mp.
Unknown command.
Okay, then.
You turn into a tree.
Your +1 cloak melds into your body.
Your +2 helmet melds into your body.
Your +1 pair of gloves melds into your body.
Your +1 robe of magic resistance melds into your body.
You feel less resistant to hostile enchantments.
Your roots penetrate the ground.
The hornet burns!
The hornet stings you!
* * * LOW HITPOINT WARNING * * *
The hornet stings you.
You die...

$8$.8#.........#
...|.########.##
8∩8∩## #.#a#
##### #.##.#
#.#.#.##
#.##a#.# #.#
#a## #.###y###
#...♣#..#
##....[##
#######


You could see a soldier ant and a hornet (burning).

Vanquished Creatures
  A two-headed ogre (D:5)
  A hornet (D:8)
  The ghost of Slumpfather the Conjurer, an amateur DrWz (D:3)
  A wyvern (D:8)
  Duvessa (D:7)
  A sky beast (D:5)
  An ice beast (D:7)
  An orc warrior (D:7)
  A phantom (D:5)
  A centaur (D:6)
  A gnoll sergeant (D:8)
  2 bullfrogs
  Dowan (D:7)
  A scorpion (D:5)
  4 wights (D:8)
  5 killer bees (D:8)
  A crimson imp (D:7)
  An orc priest (D:4)
  3 orc wizards (D:4)
  A bullfrog zombie (D:5)
  2 hounds
  A jelly (D:7)
  A centaur skeleton (D:7)
  Jessica (D:3)
  An iguana (D:8)
  4 worker ants
  3 hound zombies
  A hound skeleton (D:6)
  Robin (D:3)
  11 gnolls
  11 adders
  A shadow imp (D:8)
  3 oozes (D:1)
  2 adder skeletons
  A worm (D:1)
  4 dart slugs
  5 leopard geckos
  17 orcs
  6 bats
  14 giant cockroaches
  13 goblins
  9 hobgoblins
  3 jackals (D:1)
  8 kobolds
  2 quokkas (D:4)
  2 ball pythons (D:2)
  6 frilled lizards
  A jackal zombie (D:7)
  2 leopard gecko skeletons
  A quokka skeleton (D:7)
  8 rats
175 creatures vanquished.

Notes
Turn   | Place    | Note
-------+----------+-------------------------------------------
     0 | D:1      | Monsterracer the Vine Stalker Fire Elementalist began the quest for the Orb.
     0 | D:1      | Reached XP level 1. HP: 9/9 MP: 4/4
     1 | D:1      | Found a runed door.
   201 | D:1      | Reached XP level 2. HP: 13/13 MP: 1/6
   321 | D:1      | HP: 5/13 [dart slug/slug dart (4)]
   872 | D:1      | Reached XP level 3. HP: 9/16 MP: 2/7
   874 | D:1      | HP: 5/16 [ooze (4)]
   875 | D:1      | HP: 1/16 [ooze (4)]
  1270 | D:2      | Learned a level 3 spell: Conjure Flame
  1335 | D:2      | Gained mutation: Your natural rate of healing is unusually fast. [Vine Stalker growth]
  1335 | D:2      | Reached XP level 4. HP: 18/21 MP: 5/9
  1418 | D:2      | Reached skill level 4 in Fire Magic
  1425 | D:2      | HP: 7/21 [gnoll/flail (10)]
  1436 | D:2      | HP: 8/21 [gnoll/flail (4)]
  1592 | D:2      | Reached XP level 5. HP: 24/24 MP: 2/10
  2026 | D:2      | Found a hazy altar of Hepliaklqana.
  2076 | D:3      | Noticed Jessica
  2079 | D:3      | Killed Jessica
  2206 | D:3      | Found a faded altar of an unknown god.
  2465 | D:3      | Reached XP level 6. HP: 28/28 MP: 8/12
  2471 | D:3      | Learned a level 4 spell: Sticky Flame
  2737 | D:4      | Noticed Robin
  2756 | D:3      | Killed Robin
  2871 | D:4      | HP: 14/28 [orc priest/divine providence (7)]
  2941 | D:4      | Reached skill level 5 in Fire Magic
  3311 | D:4      | Found a runed door.
  3313 | D:4      | Noticed Slumpfather's ghost (amateur DrWz)
  3659 | D:4      | Reached XP level 7. HP: 31/32 MP: 8/13
  3923 | D:5      | Entered Level 5 of the Dungeon
  3990 | D:5      | Reached skill level 5 in Conjurations
  4077 | D:5      | Noticed a two-headed ogre
  4101 | D:5      | Killed a two-headed ogre
  4101 | D:5      | Reached skill level 7 in Fire Magic
  4101 | D:5      | Gained mutation: You have razor-sharp teeth. [Vine Stalker growth]
  4101 | D:5      | Reached XP level 8. HP: 36/36 MP: 8/16
  4132 | D:5      | Reached skill level 5 in Spellcasting
  4178 | D:5      | Learned a level 5 spell: Fireball
  4563 | D:6      | Found a staircase to the Ecumenical Temple.
  4571 | Temple   | Entered the Ecumenical Temple
  4602 | Temple   | Became a worshipper of Vehumet
  4875 | D:6      | Reached XP level 9. HP: 33/39 MP: 9/18
  5262 | D:7      | Found an iron altar of Okawaru.
  5714 | D:7      | Found an ancient bone altar of Kikubaaqudgha.
  5714 | D:7      | Found an iron altar of Okawaru.
  5716 | D:7      | Found a burning altar of Makhleb.
  5897 | D:7      | Noticed Duvessa
  5898 | D:7      | Noticed Dowan
  5940 | D:7      | HP: 16/39 [Duvessa/rapier (6)]
  5945 | D:7      | HP: 7/39 [Duvessa/rapier (9)]
  5946 | D:7      | Killed Duvessa
  5946 | D:7      | Reached skill level 8 in Fire Magic
  6030 | D:7      | Killed Dowan
  6203 | D:8      | Reached * piety under Vehumet
  6203 | D:8      | Offered knowledge of Sandblast by Vehumet.
  6446 | D:8      | Reached skill level 1 in Fighting
  6700 | D:8      | Found a runed gate.
  6700 | D:8      | Found a runed gate.
  6700 | D:8      | Found a runed gate.
  6705 | D:8      | Noticed DrakeDragon's ghost (novice HaAE)
  6709 | D:8      | Found an opulent altar of Gozag.
  7475 | D:3      | Found a faded altar of an unknown god.
  7702 | D:3      | HP: 12/41 [Slumpfather's ghost/magic dart (9)]
  7719 | D:3      | HP: 18/41 [Slumpfather's ghost/magic dart (3)]
  7721 | D:3      | Killed Slumpfather's ghost
  7721 | D:3      | Reached skill level 9 in Fire Magic
  7968 | D:8      | Noticed a hornet
  7978 | D:8      | Noticed a hornet
  7985 | D:8      | Killed a hornet
  7985 | D:8      | Reached XP level 10. HP: 35/46 MP: 10/20
  7987 | D:8      | HP: 19/46 [hornet (14)]
  7988 | D:8      | HP: 6/46 [hornet (14)]
  7989 | D:8      | Slain by a hornet

Skill      XL: |  1  2  3  4  5  6  7  8  9 |
---------------+----------------------------+-----
Conjurations   | 2 3 4 6 7 8 |  8.6
Fire Magic     | 4 5 7 9 |  9.1
Spellcasting   | 3 4 5 6 |  6.4
Fighting       | 2 |  2.0
Dodging        | |  1.5
Stealth        | |  2.4

Action                   |  1- 3 |  4- 6 |  7- 9 | 10-12 || total
-------------------------+-------+-------+-------+-------++-------
Melee: Spear             |       |    14 |    56 |       ||    70
       Bite              |       |     2 |     5 |       ||     7
       Dagger            |       |     1 |       |       ||     1
       Trident           |       |       |     6 |       ||     6
 Cast: Flame Tongue      |    58 |   204 |   229 |       ||   491
       Conjure Flame     |       |     3 |     9 |       ||    12
       Sticky Flame      |       |       |     8 |     3 ||    11
       Fireball          |       |       |     1 |       ||     1
  Use: Scroll            |       |       |    19 |       ||    19
       Potion            |       |       |       |     1 ||     1
 Stab: Sleeping          |       |       |     2 |       ||     2
  Eat: Chunk             |     2 |     7 |     9 |       ||    18
       Ration            |       |       |     2 |       ||     2
Armor: Robe              |     3 |    36 |    33 |     1 ||    73
Dodge: Dodged            |    15 |    90 |    70 |     3 ||   178

Vault maps used:
D:1:      dpeg_arrival_caged_fury
D:2:      minmay_roachtagon, nicolae_overflow_hidden_temple, first_ration
D:3:      chequers_ecumenical_altar_simple, hangedman_abyss_or_decor_stabs,
          uniq_jessica
D:4:      gammafunk_ghost_grave, uniq_robin
D:5:      solitary_fountain, minmay_misc_feat_encased
D:6:      minmay_temple_entry_fiery
D:7:      minitemple, okawaru_gym_becter, uniq_duvessa
D:8:      ebering_ghost_gozag, hangedman_pestilent_swarm
Temple:   regret_index_temple_mists
